Description

from x5PiG coaching gold 1

https://www.twitch.tv/videos/737280135 https://www.twitch.tv/videos/737316271 https://www.twitch.tv/videos/737346287

VOD

https://www.twitch.tv/videos/737316271

Build Order

Get SALT Encoding   

  14  0:17  Pylon  
  16  0:40  Gateway  
  16  0:42  Probe (Chrono Boost)  
  17  0:46  Assimilator  
  20  1:29  Cybernetics Core  cut probes
  20  1:41  Nexus  resume probes
  21  1:55  Pylon  
  22  1:56  Assimilator  
Spawning Tool Build Advisor. Get it on Overwolf

Go to:

Details

  • Created by: jack2423
  • Published on: Sep 10, 2020
  • Modified on: Jan 27, 2021
  • Patch: 4.11.0
  • Difficulty: Easy
Show
View Real Time Build Order
Export as new Build Order

Comments (0)

There are no comments. Be the first!

Create an account to comment!